MLB
WASHINGTON NATIONALS @ NEW YORK METS
04/27/2039
 
TOP OF THE 1ST
Washington Nationals batting - Pitching for New York Mets : RHP Mario Espinoza
Pitching: RHP Mario Espinoza
Batting: LHB Irving Cranshaw 0-0: Ball
1-0: Called Strike
1-1: Foul Ball, location: 9LSF
1-2: Foul Ball, location: 7LDF
1-2: DOUBLE (Flyball, 7LD, EV 100.0 MPH)
Batting: RHB Jose Aguilar 0-0: Foul Ball, location: 23F
0-1: SINGLE (Line Drive, 9LS, EV 92.5 MPH)
Irving Cranshaw to third
Batting: LHB Ben Thompson 0-0: Ball
1-0: SINGLE (Line Drive, 78S, EV 110.0 MPH)
Irving Cranshaw scores
Jose Aguilar to second
Batting: RHB Doug Feger 0-0: Ball
1-0: Grounds into double play, 6-4-3 (Groundball, 6, EV 81.3 MPH)
Jose Aguilar to third
Batting: LHB Mike Pfarr 0-0: Ball
1-0: Foul Ball, location: 23F
1-1: Called Strike
1-2: Strikes out looking
Top of the 1st over - 1 run, 3 hits, 0 errors, 1 left on base; Washington 1 - New York 0
BOTTOM OF THE 1ST
New York Mets batting - Pitching for Washington Nationals : RHP Danny Navarrete
Pitching: RHP Danny Navarrete
Batting: SHB C.J. Youakim 0-0: Swinging Strike
0-1: Ball
1-1: Swinging Strike
1-2: Foul Ball, location: 2F
1-2: Foul Ball, location: 2F
1-2: Foul Ball, location: 9LSF
1-2: Ball
2-2: Strikes out looking
Batting: RHB Dan Serratos 0-0: Ball
1-0: SINGLE (Groundball, 34D, EV 98.8 MPH)
Batting: RHB Juan Fernandez 0-0: Called Strike
0-1: SINGLE (Line Drive, 4MD, EV 98.8 MPH)
Dan Serratos to second
Batting: RHB Bobby Vargas 0-0: Foul Ball, location: 2F
0-1: DOUBLE (Flyball, 8RXD, EV 95.6 MPH)
Dan Serratos scores
Juan Fernandez to third
Runner from 3rd tries for Home, SAFE, throw by CF to trailing runner, SAFE at third!
Batting: LHB Marco Quintana 0-0: Called Strike
0-1: Fly out, F9 (Flyball, 9D, EV 106.3 MPH)
Runner from 3rd tags up, SCORES, no throw by RF
Batting: RHB Henry Cano 0-0: Fly out, F8 (Flyball, 8LD, EV 105.0 MPH)
Bottom of the 1st over - 3 runs, 3 hits, 0 errors, 0 left on base; Washington 1 - New York 3
TOP OF THE 2ND
Washington Nationals batting - Pitching for New York Mets : RHP Mario Espinoza
Batting: RHB Bob Erway 0-0: Called Strike
0-1: Ground out 6-3 (Groundball, 6, EV 90.0 MPH)
Batting: LHB Dan Belk 0-0: Ball
1-0: Ball
2-0: Ground out 5-3 (Groundball, 56S, EV 86.3 MPH)
Batting: RHB Ian Peters 0-0: Ball
1-0: Ball
2-0: Swinging Strike
2-1: Ground out 5-3 (Groundball, 56, EV 108.1 MPH)
Top of the 2nd over - 0 runs, 0 hits, 0 errors, 0 left on base; Washington 1 - New York 3
BOTTOM OF THE 2ND
New York Mets batting - Pitching for Washington Nationals : RHP Danny Navarrete
Batting: RHB Loys Moscoso 0-0: Ball
1-0: Foul Ball, location: 3DF
1-1: Ball
2-1: Called Strike
2-2: Foul Ball, location: 5FF
2-2: Foul Ball, location: 23F
2-2: Strikes out swinging
Batting: RHB Ben Sweeney 0-0: Ball
1-0: Ground out 5-3 (Groundball, 56S, EV 90.0 MPH)
Batting: RHB Julian Moreno 0-0: Foul Ball, location: 25F
0-1: Foul Ball, location: 2F
0-2: Ball
1-2: Strikes out swinging
Bottom of the 2nd over - 0 runs, 0 hits, 0 errors, 0 left on base; Washington 1 - New York 3
TOP OF THE 3RD
Washington Nationals batting - Pitching for New York Mets : RHP Mario Espinoza
Batting: LHB Dorian Gonzalez 0-0: Ground out 1-3 (Groundball, 13S, EV 72.5 MPH)
Batting: LHB Irving Cranshaw 0-0: Ball
1-0: Ball
2-0: Called Strike
2-1: Ball
3-1: Fly out, F9 (Flyball, 89M, EV 85.0 MPH)
Batting: RHB Jose Aguilar 0-0: Ball
1-0: Ball
2-0: Ground out 6-3 (Groundball, 6MD, EV 93.8 MPH)
Top of the 3rd over - 0 runs, 0 hits, 0 errors, 0 left on base; Washington 1 - New York 3
BOTTOM OF THE 3RD
New York Mets batting - Pitching for Washington Nationals : RHP Danny Navarrete
Batting: SHB C.J. Youakim 0-0: Ball
1-0: Ground out 4-3 (Groundball, 4S, EV 71.9 MPH)
Batting: RHB Dan Serratos 0-0: Ball
1-0: Foul Ball, location: 23FF
1-1: Swinging Strike
1-2: Foul Ball, location: 2F
1-2: Foul Ball, location: 7LMF
1-2: Ball
2-2: Ball
3-2: SINGLE (Groundball, 56D, EV 94.4 MPH)
Batting: RHB Juan Fernandez 0-0: Ball
1-0: Ball
2-0: Grounds into double play, 5-4-3 (Groundball, 56S, EV 86.3 MPH)
Bottom of the 3rd over - 0 runs, 1 hit, 0 errors, 0 left on base; Washington 1 - New York 3
TOP OF THE 4TH
Washington Nationals batting - Pitching for New York Mets : RHP Mario Espinoza
Batting: LHB Ben Thompson 0-0: Called Strike
0-1: Ball
1-1: Ball
2-1: Called Strike
2-2: Foul Ball, location: 2F
2-2: Ball
3-2: Foul Ball, location: 7LSF
3-2: DOUBLE (Groundball, 3L, EV 101.3 MPH)
Batting: RHB Doug Feger 0-0: Ball
1-0: Ball
2-0: Ball
Sunday, March 31st , 2024 - OOTP Baseball 24.11 Build 85